cohdb
Replays
Latest Replays
All Replays
Popular Replays
Top Player Replays
Match Explorer
How It Works
Community
CoH3 Stats
Reddit
Sign in to upload your games and track your stats! →
Sign in with Steam
Match 43711132
Unlisted
Match 43711132
Overview
Messages
Build Orders
End
Construct Weapon Support Center
Selects Heavy Weapons
Scout Squad
M1919 Machine Gun Team
M1919 Machine Gun Team
Construct Medical Station
M1919 Machine Gun Team
Mechanized Support Center
M3 Armored Personnel Carrier
Selects M2HB .50cal Heavy Machine Gun
Bazooka Squad
M3 Armored Personnel Carrier
Construct Barracks
Improvised Armor
Selects Assault Carriers
Riflemen Squad
Riflemen Squad
M3 Assault Carrier
Grenade Package
Designate Forward Repair Station
Construct Tank Depot
Engineer Squad
Selects Exchangeable Parts
M4(105) Sherman Bulldozer
Rastamonsta
Psycho
sundr
Larry
Victor
hogarthw
0
0
Comments
sign in to comment!
No comments posted yet!